 Dungeon Crawl Stone Soup version 0.30-a0-924-g0ad0bf95bc (webtiles) character file.

Game seed: 12216813006453970121

3250 Sobieck the Geomancer (level 9, -10/75 HPs)
             Began as a Ghoul Earth Elementalist on Mar 22, 2023.
             Mangled by a wyvern (17 damage)
             ... on level 8 of the Dungeon.
             The game lasted 00:22:33 (10256 turns).

Sobieck the Geomancer (Ghoul Earth Elementalist)   Turns: 10256, Time: 00:22:33

Health: -10/75     AC:  5    Str: 12    XL:     9   Next: 99%
Magic:  9/17       EV: 12    Int: 14    God:
Gold:   521        SH:  0    Dex:  9    Spells: 10/20 levels left

rFire   . . .      SeeInvis +    a - staff of earth {!astaff}
rCold   + . .      Faith    .    (no shield)
rNeg    + + +      Spirit   .    G - +1 robe
rPois   ∞          Reflect  .    Y - +0 helmet
rElec   .          Rampage  .    (no cloak)
rCorr   .                        (no gloves)
Will    .....                    u - +0 pair of boots
Stlth   ++                       (no amulet)
HPRegen 0.00/turn                R - ring of see invisible
MPRegen 0.15/turn                N - ring of wizardry

@: inhibited regen
A: claws 1, cold resistance 1, negative energy resistance 3, inhibited
regeneration, torment resistance 2, devour on kill
a: no special abilities


You were on level 8 of the Dungeon.
You visited 2 branches of the dungeon, and saw 10 of its levels.

You collected 581 gold pieces.
You spent 60 gold pieces at shops.


Innate Abilities, Weirdness & Mutations

You are immune to poison.
You have sharp fingernails.
Your flesh is cold resistant. (rC+)
You are immune to negative energy. (rN+++)
You do not regenerate when monsters are visible.
You are immune to unholy pain and torment.
You thrive by killing the living.


   Skills:
 - Level 6.0 Fighting
 - Level 1.7 Dodging
 - Level 2.1 Stealth
 - Level 6.0 Spellcasting
 - Level 0.8 Transmutations
 + Level 11.9 Earth Magic


You had 10 spell levels left.
You knew the following spells:

 Your Spells              Type           Power      Damage    Failure   Level
a - Sandblast             Erth           100%       2d20      1%          1
b - Passwall              Tmut/Erth      27%        N/A       1%          2
c - Stone Arrow           Conj/Erth      62%        3d10      1%          3
d - Petrify               Tmut/Erth      33%        N/A       4%          4

Your spell library contained the following spells:

 Spells                   Type           Power      Damage    Failure   Level
 Freeze                   Ice            16%        1d4       6%          1
 Ignite Poison            Fire/Tmut/Pois 4%         N/A       16%         3
 Frozen Ramparts          Ice            8%         1d2       19%         3
 Hailstorm                Conj/Ice       4%         3d4       19%         3
 Sticky Flame             Conj/Fire      4%         2d3       50%         4
 Ignition                 Fire           2%         3d3       100%        8

Inventory:

Hand Weapons
 b - a +0 club {mace}
   (You took it off a goblin on level 4 of the Dungeon)
 c - a +0 club {mace}
   (You found it on level 1 of the Dungeon)
 f - a +0 whip {mace}
   (You took it off a kobold on level 1 of the Dungeon)
 n - a +1 heavy long sword {long}
   (You took it off an orc on level 4 of the Dungeon)
 r - a +0 short sword {short}
   (You took it off a kobold on level 2 of the Dungeon)
 y - a +0 quarterstaff {staff}
   (You found it on level 5 of the Dungeon)
 P - a +0 whip {mace}
   (You took it off a kobold on level 3 of the Dungeon)
 S - a +0 mace {mace}
   (You took it off an orc on level 3 of the Dungeon)
 T - a +0 falchion {long}
   (You took it off an orc on level 3 of the Dungeon)
 U - a +1 dagger of electrocution {short}
   (You took it off an orc on level 3 of the Dungeon)
 W - a +0 hand axe {axe}
   (You took it off an orc on level 3 of the Dungeon)
 X - a +0 dagger {short}
   (You took it off an orc on level 3 of the Dungeon)
Missiles
 h - 22 poisoned darts {throwing}
 j - 4 curare-tipped darts {=fthrowing}
 k - 6 boomerangs {throwing}
 I - a boomerang of dispersal {=f!fthrowing}
 J - 3 javelins {throwing}
Armour
 o - a +0 scale mail
   (You found it on level 1 of the Dungeon)
 t - a +0 chain mail
   (You found it on level 2 of the Dungeon)
 u - a +0 pair of boots (worn)
   (You found it on level 5 of the Dungeon)
 w - a +0 robe
   (You took it off Pikel on level 4 of the Dungeon)
 B - a +0 ring mail
   (You found it on level 2 of the Dungeon)
 G - a +1 robe (worn)
 L - a +0 plate armour
   (You took it off an orc warrior on level 6 of the Dungeon)
 Q - a +0 ring mail
   (You took it off a kobold on level 3 of the Dungeon)
 V - a +0 ring mail
   (You took it off an orc on level 3 of the Dungeon)
 Y - a +0 helmet (worn)
   (You found it on level 8 of the Dungeon)
 Z - a +0 leather armour
   (You took it off Ijyb on level 4 of the Dungeon)
Magical Staves
 a - a staff of earth (weapon) {!astaff}
   (You found it on level 8 of the Dungeon)
Jewellery
 N - a ring of wizardry (right claw)
   (You found it on level 3 of the Dungeon)
 R - a ring of see invisible (left claw)
   (You found it on level 6 of the Dungeon)
Wands
 e - a wand of polymorph (16)
   (You found it on level 8 of the Dungeon)
 i - a wand of digging (5)
   (You took it off Ijyb on level 4 of the Dungeon)
 A - a wand of acid (4)
   (You found it on level 4 of the Dungeon)
 H - a wand of iceblast (18)
   (You took it off Pikel on level 4 of the Dungeon)
Scrolls
 d - a scroll of magic mapping {!r}
 l - 2 scrolls of fog
 m - a scroll of fear
 q - a scroll of enchant armour
 s - a scroll of enchant weapon
 v - a scroll of silence {!r}
 D - 5 scrolls of teleportation {@r4}
 F - a scroll of immolation {!r!r}
 K - a scroll of blinking {!r}
 O - 2 scrolls of amnesia
Potions
 g - 4 potions of might
 p - a potion of haste {@q3}
 x - 3 potions of heal wounds {@q2}
 z - a potion of brilliance
 C - 4 potions of flight
 E - 5 potions of curing {@q1}
 M - 2 potions of attraction {!q}

Dungeon Overview and Level Annotations

Branches:
Dungeon (9/15) Zot: 26988  Temple (1/1) D:4 Zot: 5879
   Lair: D:8-11         Orc: D:9-12

Altars:
Ashenzari
Cheibriados
Dithmenos
Fedhas
Gozag
Hepliaklqana
Nemelex Xobeh
Okawaru
Qazlal
Ru
Uskayaw
Wu Jian
Xom
Yredelemnul

Shops:
D:2 ! D:7

! ####### #.# ############ #.#
#..........# #.# #[########.#
#.####.# #.# #......# #.#
######.# #.# ####.###### #.#
#######...<.....# #.#
#...@l..##.####.# #.# ##########
#.########.####.###.# .........#
#.# #..........#
########.####.########.####.#####
...# #....)#.........# #.# ##.#
#.####.########## #.# #.# #.# #)#
#.# ### #.# #.# #.#
#.####.######## #.#


You could see a wyvern.


Message History

You see here a +0 dagger {short}.
You see here a +0 club {mace}.
Your pack is full.
Items here: )) [[.
Your pack is full.
Items here: )) [[.
Could not pick up a +2 short sword of venom {short} here; ([A]lways) ignore it?
Autopickup disabled for short swords.
There is a stone staircase leading down here.
You now have 521 gold pieces (gained 11).
Found a stone staircase leading down.
There is a stone staircase leading down here.
Items here: )))) ÷.
You see here a +0 ring mail.
There is a stone staircase leading down here.
There is a stone staircase leading down here.
A wyvern comes into view.
The wyvern hisses angrily.
Danger!
Found a blossoming altar of Fedhas.
You feel a surge of power!
The blast of sand hits the wyvern!
You feel a surge of power!
The blast of sand misses the wyvern.
The wyvern barely misses you. The wyvern bites you!
The wyvern closely misses you.
You feel a surge of power!
The blast of sand hits the wyvern!
The wyvern bites you! The wyvern barely misses you.
You are too injured to fight recklessly!
Unknown command.
Casting: Sandblast (safe; 1% risk of failure)
Confirm with . or Enter, or press ? or * to list all spells.
Aiming: Stone Arrow (safe; 1% risk of failure)
Press: ? - help, Shift-Dir - straight line, f/p - wyvern
Aim: a wyvern (almost dead, 74% to hit)
You feel a surge of power!
The stone arrow hits the wyvern!
You kill the wyvern!
Done exploring.
Done exploring.
(D) Dungeon (T) Temple
Where to? (Enter - D:8, ? - help)
Items here: )) [[.
There is a stone staircase leading down here.
You climb downwards.
The centaur shouts!
The wyvern hisses angrily.
There is a stone staircase leading up here.
There are monsters nearby!
Danger!
The centaur wields a +0 shortbow.
The centaur shoots an arrow.
The arrow hits you. The wyvern barely misses you.
The centaur shoots an arrow.
The arrow closely misses you. The wyvern bites you.
The centaur shoots an arrow.
The arrow hits you.
You climb upwards.
There is a stone staircase leading down here.
Unknown command.
Casting: Stone Arrow (safe; 1% risk of failure)
Confirm with . or Enter, or press ? or * to list all spells.
Aiming: Passwall (safe; 1% risk of failure)
Press: ? - help, Dir - move target, f - you Please select a wall.
A stone staircase leading down.
Okay, then.
Unknown command.
Casting: Passwall (safe; 1% risk of failure)
Confirm with . or Enter, or press ? or * to list all spells.
Aiming: Stone Arrow (safe; 1% risk of failure)
Press: ? - help, Shift-Dir - straight line, f - wyvern
Aim: a wyvern (74% to hit)
You feel a surge of power!
The stone arrow misses the wyvern.
The wyvern bites you! The wyvern closely misses you.
Casting: Stone Arrow (safe; 1% risk of failure)
Confirm with . or Enter, or press ? or * to list all spells.
Aiming: Stone Arrow (safe; 1% risk of failure)
Press: ? - help, Shift-Dir - straight line, f/p - wyvern
Aim: a wyvern (74% to hit)
You feel a surge of power!
The stone arrow misses the wyvern.
The wyvern closely misses you.
Casting: Stone Arrow (safe; 1% risk of failure)
Confirm with . or Enter, or press ? or * to list all spells.
Aiming: Sandblast (safe; 1% risk of failure)
Press: ? - help, Shift-Dir - straight line, f/p - wyvern
Aim: a wyvern (85% to hit)
You feel a surge of power!
The blast of sand hits the wyvern!
The wyvern misses you. The wyvern bites you.
Casting: Sandblast (safe; 1% risk of failure)
Confirm with . or Enter, or press ? or * to list all spells.
Aiming: Sandblast (safe; 1% risk of failure)
Press: ? - help, Shift-Dir - straight line, f/p - wyvern
Aim: a wyvern (heavily wounded, 85% to hit)
You feel a surge of power!
The blast of sand hits the wyvern.
The wyvern bites you! x2
* * * LOW HITPOINT WARNING * * *
Casting: Sandblast (safe; 1% risk of failure)
Confirm with . or Enter, or press ? or * to list all spells.
Aiming: Sandblast (safe; 1% risk of failure)
Press: ? - help, Shift-Dir - straight line, f/p - wyvern
Aim: a wyvern (severely wounded, 85% to hit)
You feel a surge of power!
The blast of sand hits the wyvern.
The wyvern bites you!
* * * LOW HITPOINT WARNING * * *
The wyvern bites you!
* * * LOW HITPOINT WARNING * * *
The wyvern bites you!
You die...

Skill      XL: |  1  2  3  4  5  6  7  8  9 |
---------------+----------------------------+-----
Earth Magic    | 4 5 6 7 8 9 11 | 11.9
Fighting       | 1 3 5 6 |  6.0
Spellcasting   | 2 3 4 6 |  6.0
Dodging        | |  1.7
Stealth        | |  2.1
Transmutations | |  0.8

Action                     |  1- 3 |  4- 6 |  7- 9 || total
---------------------------+-------+-------+-------++-------
  Melee: Unarmed           |    27 |    12 |       ||    39
         Dagger            |       |       |     9 ||     9
         Quarterstaff      |       |       |     1 ||     1
   Cast: Sandblast         |    55 |    96 |   155 ||   306
         Passwall          |       |       |     1 ||     1
         Stone Arrow       |       |       |    15 ||    15
         Petrify           |       |       |     4 ||     4
  Evoke: Wand              |       |     5 |     4 ||     9
    Use: Potion            |     1 |       |     3 ||     4
         Scroll            |       |    12 |     6 ||    18
   Stab: Sleeping          |     1 |       |     1 ||     2
         Petrified         |       |       |     8 ||     8
 Armour: Robe              |    13 |     8 |    35 ||    56
  Dodge: Dodged            |    39 |    40 |   130 ||   209

Levels and vault maps discovered:
D:1:      psy_arrival_radial02, layout_basic
D:2:      layout_loops_ring, serial_shops, shop, nicolae_underground_beach
D:3:      gammafunk_steamed_eel, layout_rooms, chequers_ecumenical_altar_island
D:4:      layout_loops_cross, eat_drink_and_be_merry_uskayaw,
          overflow_temple_1_default, overflow_temple_1_default,
          minmay_temple_entry_slanted, uniq_ijyb
D:5:      layout_gridville, yredelemnul_forgotten_temple_becter,
          uniq_prince_ribbit1, uniq_pikel, uniq_blork_the_orc
D:6:      layout_cave_pools, nicolae_figureground_pulse, uniq_duvessa
D:7:      layout_loops_ring, mainiacjoe_overflow_cross_hatched,
          mainiacjoe_overflow_alcove_2, serial_shops,
          nicolae_shop_advertising_works [nicolae_subvault_shop_adworks],
          kennysheep_diamond, roderic_serpentine_path, uniq_menkaure
D:8:      layout_loops_ring, fedhas_altar_fruit_tree, small_statue_alley_b,
          grunt_decor_cap, bh_walls_and_bars
D:9:      layout_rooms, palyth_temple_overflow_mages,
          mainiacjoe_overflow_catch_the_wave, dpeg_oklobed_lair,
          grunt_decor_arrowhead
Temple:   zaba_magenta_temple

Notes
Turn   | Place    | Note
-------+----------+-------------------------------------------
     0 | D:1      | Sobieck the Ghoul Earth Elementalist began the quest for
                  | the Orb.
     0 | D:1      | Reached XP level 1. HP: 14/14 MP: 2/2
   453 | D:1      | Reached XP level 2. HP: 20/20 MP: 0/3
   678 | D:1      | Reached skill level 4 in Earth Magic
   785 | D:1      | You add the spells Ignite Poison, Sticky Flame and Ignition
                  | to your library.
  1373 | D:2      | HP: 3/20 [adder (3)]
  1380 | D:2      | Reached XP level 3. HP: 5/26 MP: 1/4
  1615 | D:2      | Reached skill level 5 in Earth Magic
  1712 | D:2      | Learned a level 2 spell: Passwall
  2046 | D:2      | Found Nuorybipp's Distillery.
  2051 | D:2      | Reached XP level 4. HP: 33/33 MP: 3/5
  2073 | D:2      | Bought a potion of heal wounds for 50 gold pieces
  2073 | D:2      | Bought a potion of degeneration for 10 gold pieces
  2566 | D:3      | Found a transporter.
  2679 | D:3      | Found a transporter.
  2741 | D:3      | You pick up a book of Frost and begin reading...
  2741 | D:3      | You add the spells Freeze, Frozen Ramparts and Hailstorm to
                  | your library.
  2757 | D:3      | Reached skill level 6 in Earth Magic
  2757 | D:3      | Reached XP level 5. HP: 28/38 MP: 6/6
  2858 | D:3      | Reached skill level 7 in Earth Magic
  3111 | D:3      | Found a faded altar of an unknown god.
  3223 | D:3      | Reached XP level 6. HP: 45/45 MP: 5/7
  3369 | D:4      | Noticed Ijyb
  3398 | D:4      | Killed Ijyb
  3493 | D:4      | Found a staircase to the Ecumenical Temple.
  3522 | Temple   | Entered the Ecumenical Temple
  3687 | D:4      | Found an opulent altar of Gozag.
  3698 | D:4      | Found an iron altar of Okawaru.
  3711 | D:4      | Found a hide-covered altar of Uskayaw.
  4120 | D:4      | Reached skill level 8 in Earth Magic
  4470 | D:5      | Entered Level 5 of the Dungeon
  4532 | D:5      | Identified the +0 leather armour of Inaction {rC- Str+4
                  | Dex+2}
  4555 | D:5      | Noticed a black bear
  4680 | D:4      | Reached skill level 1 in Fighting
  4680 | D:4      | Reached skill level 2 in Spellcasting
  4680 | D:4      | Reached XP level 7. HP: 21/52 MP: 0/9
  4813 | D:5      | Noticed Blork the orc
  4821 | D:5      | Killed Blork the orc
  4822 | D:5      | Reached skill level 2 in Fighting
  4896 | D:5      | Noticed Prince Ribbit
  5258 | D:5      | Killed Prince Ribbit
  5259 | D:5      | Reached skill level 3 in Fighting
  5259 | D:5      | Reached skill level 3 in Spellcasting
  5259 | D:5      | Reached XP level 8. HP: 50/63 MP: 7/11
  5294 | D:4      | Learned a level 3 spell: Stone Arrow
  5309 | D:5      | Found a basalt altar of Yredelemnul.
  5309 | D:5      | Noticed Pikel
  5850 | D:4      | Killed Pikel
  5851 | D:4      | Reached skill level 4 in Fighting
  5851 | D:4      | Reached skill level 4 in Spellcasting
  5851 | D:4      | Reached skill level 9 in Earth Magic
  6124 | D:5      | Reached skill level 5 in Fighting
  6227 | D:5      | Reached XP level 9. HP: 36/74 MP: 7/14
  6382 | D:6      | Noticed Dowan
  6414 | D:6      | Noticed Duvessa
  6488 | D:6      | Reached skill level 10 in Earth Magic
  6671 | D:6      | Learned a level 4 spell: Petrify
  7123 | D:6      | Reached skill level 6 in Fighting
  7123 | D:6      | Reached skill level 5 in Spellcasting
  7431 | D:7      | Found Satarhy's Distillery.
  8012 | D:7      | Found a hazy altar of Hepliaklqana.
  8203 | D:7      | Noticed Menkaure
  8398 | D:7      | Killed Menkaure
  8987 | D:6      | Killed Duvessa
  8988 | D:6      | Reached skill level 6 in Spellcasting
  8988 | D:6      | Reached skill level 11 in Earth Magic
  9003 | D:6      | Killed Dowan
 10062 | D:8      | Found a blossoming altar of Fedhas.
 10256 | D:8      | HP: 7/75 [wyvern (12)]
 10256 | D:8      | Mangled by a wyvern

Vanquished Creatures
  Pikel (D:4)
  Prince Ribbit (D:5)
  A wyvern (D:8)
  Menkaure (D:7)
  A water moccasin (D:5)
  Duvessa (D:6)
  An orc warrior (D:6)
  An ice beast (D:6)
  2 sky beasts (D:7)
  A black bear (D:5)
  A centaur (D:6)
  A lemure (D:4)
  Blork the orc (D:5)
  3 kobold brigands
  5 bullfrogs
  4 scorpions
  Dowan (D:6)
  3 electric eels (D:3)
  3 hounds
  3 jellies
  An orc priest (D:4)
  3 iguanas
  A sleepcap (D:7)
  Ijyb (D:4)
  4 gnolls
  8 adders
  2 ufetubi
  3 worms
  15 orcs
  7 endoplasms
  5 giant cockroaches
  4 hobgoblins
  6 jackals
  4 quokkas
  9 ball pythons
  6 bats
  3 frilled lizards
  7 goblins
  22 kobolds
  4 rats
151 creatures vanquished.

Vanquished Creatures (others)
  A spectral orc (D:5)
  2 plants (D:3)
3 creatures vanquished.

Grand Total: 154 creatures vanquished

Table legend:
 A = Non-vault XP
 B = Vault XP
 C = Vault XP percentage of total XP
 D = Non-vault monster count
 E = Vault monster count
 F = Vault count percentage of total count
                 A         B        C        D         E       F
            +---------+---------+-------+---------+---------+-------
      Total |    2727 |    1917 |  41.3 |     136 |      14 |   9.3
            +---------+---------+-------+---------+---------+-------
        D:1 |      28 |       0 |   0.0 |      21 |       0 |   0.0
        D:2 |     101 |       0 |   0.0 |      25 |       0 |   0.0
        D:3 |      45 |     159 |  77.9 |      14 |       3 |  17.6
        D:4 |     242 |     677 |  73.7 |      17 |       2 |  10.5
        D:5 |     964 |     374 |  28.0 |      21 |       2 |   8.7
        D:6 |     318 |     347 |  52.2 |       5 |       3 |  37.5
        D:7 |     508 |     360 |  41.5 |      17 |       4 |  19.0
        D:8 |     521 |       0 |   0.0 |      16 |       0 |   0.0
            +---------+---------+-------+---------+---------+-------

Illustrated notes

Table legend:
 A = Kills in this place as a percentage of kills in the entire game.
 B = Kills by you in this place as a percentage of kills by you in the entire game.
 C = Kills by friends in this place as a percentage of kills by friends in the entire game.
 D = Other kills in this place as a percentage of other kills in the entire game.
 E = Experience gained in this place as a percentage of experience gained in the entire game.
 F = Experience gained in this place divided by the number of levels of this place that you have seen.
                   A       B       C       D       E      F
               +-------+-------+-------+-------+-------+----------------------
         Total | 100.0 | 100.0 |   N/A |   N/A | 100.0 | 464.4
       Dungeon | 100.0 | 100.0 |   N/A |   N/A | 100.0 | 516.0
               +-------+-------+-------+-------+-------+----------------------

Table legend: (Time is in decaauts)
 A = Elapsed time spent in this place.
 B = Non-inter-level travel time spent in this place.
 C = Inter-level travel time spent in this place.
 D = Time resting spent in this place.
 E = Time spent auto-exploring this place.
 F = Levels seen in this place.
 G = Mean time per level.
                   A        B        C        D        E       F      G
               +--------+--------+--------+--------+--------+-----+--------+
         Total |  10435 |   9963 |    472 |   1813 |   6492 |  10 | 1043.5 |
       Dungeon |  10314 |   9853 |    461 |   1813 |   6399 |   9 | 1146.0 |
        Temple |    120 |    109 |     11 |      0 |     93 |   1 |  120.0 |
               +--------+--------+--------+--------+--------+-----+--------+

Top non-repeatable levels by time:
     D:4: 1990 daAuts
     D:6: 1456 daAuts
     D:1: 1407 daAuts
     D:7: 1319 daAuts
     D:8: 1125 daAuts
     D:2: 1099 daAuts
     D:5: 1018 daAuts
     D:3: 892 daAuts
  Temple: 120 daAuts
     D:9: 3 daAuts
